 Dungeon Crawl Stone Soup version 0.29.1-12-g30fa7ad0bf (webtiles) character file.

Game seed: 8806848067890546302

77 thebiglcd the Slasher (level 3, -3/29 HPs)
             Began as a Demigod Gladiator on Jan 14, 2023.
             Slain by a worm (6 damage)
             ... on level 2 of the Dungeon.
             The game lasted 00:02:45 (1523 turns).

thebiglcd the Slasher (Demigod Gladiator)           Turns: 1523, Time: 00:02:45

Health: -3/29      AC:  4    Str: 15    XL:     3   Next: 92%
Magic:  5/5        EV: 13    Int: 10    God:
Gold:   123        SH:  0    Dex: 19    Spells: 2/2 levels left

rFire   . . .      SeeInvis .   a - +0 long sword
rCold   . . .      Faith    .   (no shield)
rNeg    . . .      Spirit   .   b - +0 leather armour
rPois   .          Reflect  .   c - +0 helmet
rElec   .          Harm     .   (no cloak)
rCorr   .          Rampage  .   (no gloves)
Will    .....                   (no boots)
Stlth   +.........              (no amulet)
HPRegen 0.09/turn               (no ring)
MPRegen 0.09/turn               (no ring)

@: no status effects
A: high MP 1, forlorn, divine attributes
a: no special abilities


You were on level 2 of the Dungeon.
You visited 1 branch of the dungeon, and saw 2 of its levels.

You collected 123 gold pieces.

Inventory:

Hand Weapons
 a - a +0 long sword (weapon)
Missiles
 d - 3 throwing nets (quivered)
 e - 5 javelins
Armour
 b - a +0 leather armour (worn)
 c - a +0 helmet (worn)
Scrolls
 g - a scroll of enchant weapon {unknown}
 i - 2 scrolls of butterflies {unknown}
 j - a scroll of acquirement {unknown}
Potions
 f - 2 potions of degeneration {unknown}
 h - a potion of haste {unknown}


   Skills:
 - Level 1.7 Fighting
 + Level 4.1 Long Blades
 - Level 1.7 Throwing
 + Level 1.6 Armour
 - Level 2.7 Dodging


You had 2 spell levels left.
You didn't know any spells.
Your spell library was empty.

Dungeon Overview and Level Annotations

Branches:
Dungeon (2/15)


Innate Abilities, Weirdness & Mutations

You have an increased reservoir of magic. (+10% MP)
You shall have no god before yourself.
Your divine heritage dramatically boosts your attributes as you level up.


Message History

Terence is heavily wounded.
Terence hits you with a +0 falchion.
You are too injured to fight recklessly!
You are too injured to fight recklessly!
You are too injured to fight recklessly!
You are too injured to fight recklessly!
You are too injured to fight recklessly!
Terence hits you with a +0 falchion.
You hit Terence.
Terence is severely wounded.
Terence says, "Don't bother to defend, it's useless."
Terence closely misses you.
You hit Terence.
Terence is almost dead.
Terence barely misses you.
You hit Terence but do no damage.
Terence is almost dead.
Terence hits you with a +0 falchion. Terence closely misses you.
You hit Terence.
Terence is almost dead.
Terence hits you with a +0 falchion.
* * * LOW HITPOINT WARNING * * *
The worm bites you.
* * * LOW HITPOINT WARNING * * *
You slash Terence!
You kill Terence!
Your Long Blades skill increases to level 4!
You hit the worm but do no damage. The worm barely misses you.
You hit the worm.
The worm is moderately wounded.
The worm closely misses you.
You slash the worm!
The worm is severely wounded.
The worm barely misses you.
You barely miss the worm.
The worm is severely wounded.
You hit the worm but do no damage.
The worm is severely wounded.
The worm bites you.
You die...

#......# # .
..#.#......# # #
..#.#.#......# ##
#.#.#.#.#......# ##. #
#.#.#.#.#......# ###..
#.#...#.#.#......###...#
#.......#.#..........###
......w...#.......#### #
......)@......##### #
.#.####....#..##########
####.#..##.......#
#....##........
#.##.##.......#
#.##.##.......#
######.##....#######
.......##..### # #....#


You could see a worm.

Vanquished Creatures
  Terence (D:2)
  2 worms (D:2)
  A dart slug (D:1)
  7 ball pythons
  4 endoplasms
  2 giant cockroaches (D:1)
  6 goblins (D:1)
  5 hobgoblins
  A kobold (D:1)
  A quokka (D:1)
  5 bats (D:1)
  A frilled lizard (D:1)
  5 rats
41 creatures vanquished.

Notes
Turn   | Place    | Note
-------+----------+-------------------------------------------
     0 | D:1      | thebiglcd the Demigod Gladiator began the quest for the
                  | Orb.
     0 | D:1      | Reached XP level 1. HP: 17/17 MP: 3/3
    88 | D:1      | Reached skill level 3 in Long Blades
    99 | D:1      | Reached XP level 2. HP: 10/24 MP: 4/4
   926 | D:1      | Reached XP level 3. HP: 27/29 MP: 5/5
  1186 | D:2      | Reached skill level 1 in Armour
  1501 | D:2      | Noticed Terence
  1518 | D:2      | Killed Terence
  1519 | D:2      | Reached skill level 4 in Long Blades
  1523 | D:2      | Slain by a worm

Illustrated notes

Levels and vault maps discovered:
D:1:      ebering_hopf_link, layout_loops_cross, basic_ecumenical_altar,
          hex_tiny
D:2:      layout_rooms, basic_altar, kennysheep_cross_bottleneck,
          minmay_misc_feat_more_columns, uniq_terence

Skill      XL: |  1  2  3 |
---------------+----------+-----
Long Blades    | 3 4 |  4.1
Armour         | 1 |  1.6
Fighting       | |  1.7
Throwing       | |  1.7
Dodging        | |  2.7

Action                   || total
-------------------------++-------
Melee: Long sword        ||   161
 Stab: Sleeping          ||     2
Armor: Leather armour    ||    57
Dodge: Dodged            ||   163
